 Dungeon Crawl Stone Soup version 0.27-a0-1066-g29160eaed2 (webtiles) character file.

Game seed: 3505273426017399729

27612 LordDeathwing the Severer (level 13, -2/116 HPs)
             Began as a Hill Orc Fighter on Apr 24, 2021.
             Was a High Priest of Makhleb.
             Slain by Rupert
             ... wielding a +2 great mace of venom
              (37 damage)
             ... on level 3 of the Lair of Beasts.
             The game lasted 01:25:24 (14249 turns).

LordDeathwing the Severer (Hill Orc Fighter)       Turns: 14249, Time: 01:25:24

Health: -2/116     AC: 23    Str: 31    XL:     13   Next: 33%
Magic:  20/20      EV:  9    Int:  9    God:    Makhleb [*****.]
Gold:   219        SH:  5    Dex: 11    Spells: 12/12 levels left

rFire    . . .     SeeInvis +   N - +4 battleaxe (venom)
rCold    . . .     Faith    .   (shield currently unavailable)
rNeg     . . .     Spirit   .   t - +1 plate armour
rPois    .         Reflect  +   Q - +0 helmet {Int+3}
rElec    +         Harm     .   E - +0 cloak
rCorr    +         Rampage  .   J - +0 pair of gloves
Will     .....                  g - +0 pair of boots
Stlth    ..........             v - amulet "Ohulick" {Reflect rElec rCorr Int-3 SH+5 SInv}
HPRegen  0.29/turn              m - ring of the Octopus King {Wiz AC+1 EV+1 Str+1 Int+1 Dex+1}
MPRegen  0.17/turn              C - +6 ring of strength

@: no status effects
A: no striking features
a: Renounce Religion, Minor Destruction, Lesser Servant of Makhleb, Major
Destruction, Greater Servant of Makhleb


You were on level 3 of the Lair of Beasts.
You worshipped Makhleb.
Makhleb was extremely pleased with you.
You visited 2 branches of the dungeon, and saw 14 of its levels.
You also visited: Sewer.

You collected 891 gold pieces.
You spent 672 gold pieces at shops.

Inventory:

Hand Weapons
 K - a +3 flail of freezing
 N - a +4 battleaxe of venom (weapon)
Missiles
 D - 11 javelins
 I - 20 boomerangs
 U - 3 atropa-tipped darts
Armour
 c - a +0 kite shield
 g - a +0 pair of boots (worn)
 t - a +1 plate armour (worn)
 E - a +0 cloak (worn)
 J - a +0 pair of gloves (worn)
 L - +0 acid dragon scales
 Q - a +0 helmet of intelligence (worn)
Magical Staves
 O - a staff of cold
Jewellery
 l - a ring of willpower
 m - a ring of the Octopus King (left hand) {Wiz AC+1 EV+1 Str+1 Int+1 Dex+1}
   (You bought it in a shop on level 2 of the Dungeon)

   [ring of wizardry]

   It improves your spell success rate.
   It affects your AC (+1).
   It affects your evasion (+1).
   It affects your strength (+1).
   It affects your intelligence (+1).
   It affects your dexterity (+1).
 n - a ring of protection from fire
 s - an amulet of regeneration
 v - the amulet "Ohulick" (around neck) {Reflect rElec rCorr Int-3 SH+5 SInv}
   (You acquired it on level 2 of the Lair of Beasts)

   [amulet of reflection]

   It reflects blocked missile attacks.
   It affects your intelligence (-3).
   It insulates you from electricity.
   It lets you see invisible.
   It protects you from acid and corrosion.
   It affects your SH (+5).
 w - a ring of flight
 x - a ring of magical power
 C - a +6 ring of strength (right hand)
 V - an amulet of the acrobat
 X - an amulet of guardian spirit
Wands
 h - a wand of polymorph (12)
 j - a wand of paralysis (22)
 r - a wand of charming (6)
 G - a wand of acid (7)
 M - a wand of iceblast (18)
 R - a wand of flame (6)
Scrolls
 e - 3 scrolls of fog
 f - 9 scrolls of teleportation
 k - a scroll of silence
 p - a scroll of magic mapping
 u - 2 scrolls of fear
 y - a scroll of enchant armour
 A - a scroll of summoning
Potions
 a - 2 potions of cancellation {unknown}
 b - 5 potions of curing
 d - 6 potions of might
 i - 2 potions of ambrosia
 o - a potion of resistance {unknown}
 q - 4 potions of flight {unknown}
 z - 2 potions of degeneration {unknown}
 B - 2 potions of haste {unknown}
 H - a potion of mutation {unknown}
 W - 2 potions of brilliance {unknown}
Miscellaneous
 P - a tin of tremorstones (2/2)


   Skills:
 + Level 11.5 Fighting
 * Level 15.9 Axes
 + Level 12.1 Armour
 - Level 5.0 Stealth
 - Level 8.0 Shields
 - Level 10.0 Invocations


You had 12 spell levels left.
You didn't know any spells.
Your spell library contained the following spells:

 Spells                   Type           Power      Damage    Failure   Level
 Beastly Appendage        Tmut           0%         N/A       65%         1
 Magic Dart               Conj           0%         1d3       65%         1
 Blink                    Tloc           N/A        N/A       78%         2
 Call Imp                 Summ           0%         N/A       78%         2
 Passwall                 Tmut/Erth      0%         N/A       78%         2
 Slow                     Hex            0%         N/A       78%         2
 Wereblood                Tmut           0%         N/A       78%         2
 Conjure Flame            Conj/Fire      0%         6-21      94%         3
 Mephitic Cloud           Conj/Pois/Air  0%         N/A       94%         3
 Spider Form              Tmut/Pois      0%         N/A       94%         3
 Vampiric Draining        Necr           0%         2d6       94%         3
 Animate Dead             Necr           0%         N/A       100%        4
 Ice Form                 Ice/Tmut       0%         N/A       100%        4
 Alistair's Intoxication  Tmut/Pois      0%         N/A       100%        5
 Hydra Form               Tmut           0%         N/A       100%        5
 Eringya's Noxious Bog    Tmut/Pois      0%         N/A       100%        6


Dungeon Overview and Level Annotations

Branches:
Dungeon (11/15)            Temple (0/1) D:5            Lair (3/6) D:9
 Spider (0/4) Lair:2          Orc (0/2) D:9           Sewer (visited)
  Swamp: Lair:2-4    Shoals: Lair:2-4

Altars:
Ashenzari
Cheibriados
Elyvilon
Fedhas
Gozag
Makhleb
Nemelex Xobeh
Okawaru
Qazlal
Sif Muna
Trog
Uskayaw
Vehumet
Xom

Shops:
D:2 =

Annotations:
D:11 1 runed translucent door, exclusion: 4 orange crystal statues
Lair:3 Rupert


Message History

You feel better.
You hit the wolf.
You kill the wolf!
Makhleb accepts your kill.
You feel better. The wolf bites you but does no damage.
A wolf comes into view.
Rupert hits you with a +2 great mace of venom!!!
You are poisoned.
The wolf closely misses you.
You hear a howl! x2
You slice Rupert!!
Rupert looks as sick as possible!
Rupert is lightly wounded.
You miss the wolf. You closely miss the wolf.
You feel very sick. The wolf closely misses you.
The wolf bites you but does no damage.
Rupert hits you with a +2 great mace of venom!!
You are lethally poisoned!
You block the wolf's attack.
As you read the scroll of fear, it crumbles to dust.
You assume a fearsome visage.
The wolf looks frightened! x7
* * * LOW HITPOINT WARNING * * *
You feel extremely sick.
You kill the wolf!
Makhleb accepts your kill. Rupert closely misses you.
Rupert hits you with a +2 great mace of venom!
* * * LOW HITPOINT WARNING * * *
* * * LOW HITPOINT WARNING * * *
You feel extremely sick.
You hear a howl!
You feel much better.
* * * LOW HITPOINT WARNING * * *
You feel extremely sick. You block Rupert's attack.
Rupert hits you but does no damage.
* * * LOW HITPOINT WARNING * * *
You feel very sick.
A wolf comes into view.
You hear a howl! x3
You feel better.
Rupert hits you with a +2 great mace of venom!!!
You die...

#..## #..≈≈≈≈≈>≈≈≈≈≈
##.# #.#.≈≈≈≈≈≈≈≈≈≈ ##
#..# #..≈≈≈≈≈≈≈≈≈≈.
#..#..####.#.≈≈≈≈≈≈≈≈≈†
#.....#.#.P.≈≈≈≈≈≈≈≈≈.
#..............≈..≈...
#...#.................
##.##.##.........##.##
####@.#...##.### ##
#.h@.#..## ##.†##...#
#.†.#..## #..#....#
##......# #.h.........
...§..h.##h#....
....^..h♣ ###...


You could see Rupert (berserk, very poisoned) and 3 wolves.

Vanquished Creatures
  A boulder beetle (D:11)
  2 hydras
  3 two-headed ogres (D:9)
  Urug (Lair:1)
  3 ugly things
  A deep elf pyromancer (D:9)
  A manticore (D:9)
  A cyclops (D:9)
  6 elephants (Lair:3)
  A black mamba (Lair:1)
  2 rime drakes (Lair:3)
  A gargoyle (D:10)
  2 cane toads (Lair:1)
  2 komodo dragons
  A kobold demonologist (D:9)
  A jumping spider (Lair:2)
  2 trolls (D:9)
  2 hornets
  A polar bear (Lair:2)
  A slime creature (D:9)
  15 blink frogs
  A meliai zombie (D:10)
  A shadow (D:9)
  Sigmund (D:6)
  A redback (Lair:2)
  A wraith (D:9)
  A vampire (D:9)
  21 yaks
  2 wyverns
  Eustachio (D:5)
  A basilisk (Lair:2)
  3 wargs (D:9)
  3 acid dragons (D:9)
  6 water moccasins
  3 sky beasts
  2 black bears
  7 orc warriors
  A hornet zombie (D:8)
  4 ogres
  A boggart (shapeshifter) (D:9)
  12 wolves
  8 centaurs
  9 bullfrogs
  2 scorpions (D:6)
  A wyvern zombie (D:5)
  3 gnoll sergeants
  6 wights (D:9)
  4 killer bees (D:9)
  12 howler monkeys
  An electric eel (Lair:1)
  4 centaur zombies
  A centaur skeleton (D:7)
  A gnoll shaman (D:9)
  4 orc priests
  5 iguanas
  9 orc wizards
  10 gnolls
  10 adders
  2 river rats (Sewer)
  2 shadow imps (D:6)
  7 worms
  A dart slug (D:3)
  15 orcs
  6 bats
  7 endoplasms
  3 giant cockroaches
  3 goblins
  5 hobgoblins
  16 jackals
  11 kobolds
  2 quokkas
  19 ball pythons
  6 frilled lizards
  31 rats
349 creatures vanquished.

Vanquished Creatures (others)
  7 fungi
  11 plants
18 creatures vanquished.

Grand Total: 367 creatures vanquished

Notes
Turn   | Place    | Note
-------+----------+-------------------------------------------
     0 | D:1      | LordDeathwing the Hill Orc Fighter began the quest for the
                  | Orb.
     0 | D:1      | Reached XP level 1. HP: 19/19 MP: 1/1
   176 | D:1      | Reached skill level 3 in Axes
   513 | D:1      | Reached XP level 2. HP: 27/27 MP: 2/2
   787 | D:1      | Reached XP level 3. HP: 33/33 MP: 3/3
  1145 | D:2      | Found Risaumeg's Jewellery Shop.
  1445 | D:2      | Reached skill level 4 in Axes
  1445 | D:2      | Reached skill level 1 in Stealth
  1445 | D:2      | Reached XP level 4. HP: 40/40 MP: 4/4
  1973 | D:3      | Found a faded altar of an unknown god.
  2215 | D:3      | Reached XP level 5. HP: 25/46 MP: 5/5
  2604 | D:3      | Found a snail-covered altar of Cheibriados.
  3170 | D:4      | Noticed an ogre
  3181 | D:4      | Killed an ogre
  3182 | D:4      | Reached skill level 5 in Axes
  3182 | D:4      | Reached XP level 6. HP: 18/53 MP: 6/6
  3668 | D:5      | Entered Level 5 of the Dungeon
  3751 | D:5      | Found a burning altar of Makhleb.
  3756 | D:5      | Became a worshipper of Makhleb the Destroyer
  3854 | D:5      | Reached skill level 5 in Fighting
  3854 | D:5      | Reached skill level 6 in Axes
  3854 | D:5      | Reached skill level 5 in Armour
  3854 | D:5      | Reached XP level 7. HP: 20/61 MP: 7/7
  3957 | D:5      | Found a glowing drain.
  3969 | Sewer    | Entered a sewer
  4144 | Sewer    | Reached * piety under Makhleb
  4433 | D:5      | Noticed Eustachio
  4469 | D:5      | Killed Eustachio
  4470 | D:5      | Reached skill level 7 in Axes
  4470 | D:5      | Reached skill level 5 in Shields
  4470 | D:5      | Reached XP level 8. HP: 69/69 MP: 8/8
  4506 | D:5      | Noticed a moth of wrath
  4506 | D:5      | You fall into a shaft and drop 1 floor!
  4687 | D:4      | Reached ** piety under Makhleb
  4744 | D:5      | Found a staircase to the Ecumenical Temple.
  4787 | D:5      | Found an opulent altar of Gozag.
  4857 | D:5      | Reached skill level 8 in Axes
  5072 | D:5      | Found a bloodstained altar of Trog.
  5485 | D:6      | Noticed Sigmund
  5608 | D:6      | Killed Sigmund
  5609 | D:6      | Reached XP level 9. HP: 66/78 MP: 9/9
  6305 | D:7      | Found an iron altar of Okawaru.
  6305 | D:7      | Found a stormy altar of Qazlal.
  6310 | D:7      | Found a broken altar of Ashenzari.
  6383 | D:7      | Found a radiant altar of Vehumet.
  6443 | D:7      | Reached skill level 1 in Invocations
  6697 | D:8      | Found a shimmering blue altar of Sif Muna.
  6818 | D:8      | Reached skill level 9 in Axes
  7272 | D:8      | Found a shimmering blue altar of Sif Muna.
  7322 | D:8      | Noticed a hornet
  7326 | D:8      | Paralysed by a hornet for 1 turns
  7341 | D:8      | Paralysed by a hornet for 3 turns
  7358 | D:8      | Killed a hornet
  7677 | D:9      | Noticed a troll
  7693 | D:9      | Killed a troll
  7694 | D:9      | Reached skill level 10 in Axes
  7694 | D:9      | Reached XP level 10. HP: 53/86 MP: 12/12
  7814 | D:9      | Reached *** piety under Makhleb
  8209 | D:9      | Found a staircase to the Lair.
  8240 | D:9      | Noticed a two-headed ogre
  8427 | D:9      | Found a staircase to the Orcish Mines.
  8451 | D:9      | Noticed a cyclops
  8465 | D:9      | Killed a cyclops
  8466 | D:9      | Reached skill level 5 in Stealth
  8651 | D:9      | Reached skill level 11 in Axes
  8665 | D:9      | Noticed a two-headed ogre
  8684 | D:9      | Killed a two-headed ogre
  8685 | D:9      | Reached skill level 5 in Invocations
  8685 | D:9      | Reached XP level 11. HP: 74/94 MP: 14/14
  8760 | D:9      | Found a shimmering altar of Xom.
  8768 | D:9      | Noticed a two-headed ogre
  8825 | D:9      | Killed a two-headed ogre
  8826 | D:9      | Reached skill level 10 in Armour
  8919 | D:9      | Noticed a manticore
  8920 | D:9      | Reached **** piety under Makhleb
  8927 | D:9      | Killed a manticore
  8952 | D:9      | Found a stormy altar of Qazlal.
  8952 | D:9      | Found a sparkling altar of Nemelex Xobeh.
  8952 | D:9      | Found a blossoming altar of Fedhas.
  8977 | D:9      | Noticed a deep elf pyromancer
  8990 | D:9      | Killed a deep elf pyromancer
  8991 | D:9      | Reached skill level 12 in Axes
  9193 | D:9      | Noticed a green ugly thing
  9193 | D:9      | Noticed a green ugly thing
  9205 | D:9      | Killed a green ugly thing
  9210 | D:9      | Killed a green ugly thing
  9219 | D:9      | Identified the Tome of Dramatic Exits
  9232 | D:9      | Identified the Incunabulum of Moulding and Unholy Secrets
  9378 | D:9      | Killed a two-headed ogre
  9458 | D:9      | Found a white marble altar of Elyvilon.
  9525 | D:9      | Found a hide-covered altar of Uskayaw.
  9578 | D:10     | Entered Level 10 of the Dungeon
  9924 | D:10     | Reached skill level 13 in Axes
 10408 | D:2      | Bought a ring of the Octopus King {Wiz AC+1 EV+1 Str+1
                  | Int+1 Dex+1} for 672 gold pieces
 10408 | D:2      | Found the ring of the Octopus King {Wiz AC+1 EV+1 Str+1
                  | Int+1 Dex+1}
 11074 | D:11     | Noticed a green ugly thing
 11083 | D:11     | Killed a green ugly thing
 11157 | D:11     | Noticed a boulder beetle
 11167 | D:11     | Killed a boulder beetle
 11168 | D:11     | Reached XP level 12. HP: 106/106 MP: 17/17
 11176 | D:11     | Found a runed translucent door.
 11181 | D:11     | Found the +10 tower shield of Ignorance {rN+ Int-4}
 11197 | D:11     | Found a runed translucent door.
 11261 | D:11     | Noticed a boulder beetle
 11275 | D:11     | HP: 4/106 [gargoyle/stone arrow[an orange crystal statue]
                  | (27)]
 11405 | Lair:1   | Entered Level 1 of the Lair of Beasts
 11453 | Lair:1   | Reached skill level 10 in Fighting
 11486 | Lair:1   | Noticed a six-headed hydra
 11588 | Lair:1   | Killed a nine-headed hydra
 11672 | Lair:1   | Reached skill level 14 in Axes
 11755 | Lair:1   | Noticed Urug
 11767 | Lair:1   | Killed Urug
 12495 | Lair:2   | Reached ***** piety under Makhleb
 12559 | Lair:2   | Found a hole to the Spider Nest.
 12734 | Lair:2   | Noticed a seven-headed hydra
 12826 | Lair:2   | Killed an eight-headed hydra
 12827 | Lair:2   | Reached skill level 15 in Axes
 13488 | Lair:2   | Identified a scroll of acquirement
 13488 | Lair:2   | Acquired the amulet "Ohulick" {Reflect rElec rCorr Int-3
                  | SH+5 SInv}
 13747 | Lair:3   | Reached XP level 13. HP: 96/116 MP: 20/20
 13930 | Lair:3   | Reached skill level 10 in Invocations
 14231 | Lair:3   | Noticed Rupert
 14249 | Lair:3   | Slain by Rupert

Illustrated notes

Levels and vault maps discovered:
D:1:      amcnicky_arrival_wind_blow, layout_basic
D:2:      layout_loops_cross, serial_shops, shop
D:3:      layout_loops_corners, general_overflow_altar,
          hellmonk_ecumenical_altar_dog_temple
D:4:      layout_rooms
D:5:      layout_basic, amcnicky_altar_gilded, lightli_temple_of_fire, tgw_trog,
          minmay_temple_entry_drinking_statues, cheibrodos_sewer_entry_bend,
          uniq_ijyb, uniq_eustachio
D:6:      layout_loops_corners, uniq_sigmund
D:7:      layout_loops_ring, grunt_temple_overflow_open
D:8:      layout_loops_ring, kennysheep_orc_sif_temple, kennysheep_flooded_box,
          hangedman_abyss_or_decor_stagger, minmay_misc_feat_four_crosses
D:9:      minmay_the_grid_octo_tiled_octocenter
          [minmay_the_grid_octo_thin_diamonds, minmay_the_grid_octo_fan_narrow,
          minmay_the_grid_octo_clover_2, minmay_the_grid_octo_shrine,
          minmay_the_grid_octo_prize_square_snowflake,
          minmay_the_grid_square_5x5_bracketed,
          minmay_the_grid_square_5x5_inner_i,
          minmay_the_grid_square_5x5_tetrominoes,
          minmay_the_grid_square_5x5_six], layout_gridville,
          kennysheep_mini_moat, lemuel_coloured_pillars_altar,
          erik_lair_orcish_takeover, orc_0_dummy, kennysheep_generic_room_6
D:10:     cheibrodos_iron_armory, layout_layer_cave
D:11:     layout_basic, chequers_guarded_unrand_ignorance
Lair:1:   layout_chaotic_city, infiniplex_staircase_pool, grunt_megastairs_5,
          uniq_urug
Lair:2:   layout_cave_pods, spider_nest_entry_a
Lair:3:   layout_loops_ring, gammafunk_ghost_cemetery,
          grunt_forest_large_clearings, infiniplex_staircase_pool_2, uniq_rupert

Skill      XL: |  1  2  3  4  5  6  7  8  9 10 11 12 13 |
---------------+----------------------------------------+-----
Axes           | 3 4 5 6 7 8 10 11 13 15 | 15.9
Fighting       | 4 5 6 7 8 9 11 | 11.5
Stealth        | 1 2 3 4 5 |  5.0
Armour         | 4 5 7 8 9 10 11 12 | 12.1
Shields        | 4 5 6 7 8 |  8.0
Invocations    | 3 5 7 9 10 | 10.0

Action                   |  1- 3 |  4- 6 |  7- 9 | 10-12 | 13-15 || total
-------------------------+-------+-------+-------+-------+-------++-------
Melee: War axe           |   133 |   158 |   415 |   269 |       ||   975
       Battleaxe         |       |       |       |   340 |    71 ||   411
       Flail             |       |       |       |    23 |       ||    23
Throw: Boomerang         |       |    22 |    31 |    41 |       ||    94
       Javelin           |       |       |    13 |       |       ||    13
Invok: Minor Destruction |       |       |       |     8 |       ||     8
  Use: Scroll            |       |       |     9 |    11 |     1 ||    21
       Potion            |       |       |     7 |     2 |     2 ||    11
Armor: Scale mail        |   100 |    64 |       |       |       ||   164
       Plate armour      |       |    60 |   302 |   572 |    66 ||  1000
Dodge: Dodged            |    54 |    52 |    96 |   278 |    36 ||   516
Block: Kite shield       |    85 |   102 |   257 |   176 |       ||   620
       Other             |       |       |       |     3 |    27 ||    30
       Reflection        |       |       |       |       |     1 ||     1

Table legend: (Time is in decaauts)
 A = Elapsed time spent in this place.
 B = Non-inter-level travel time spent in this place.
 C = Inter-level travel time spent in this place.
 D = Time resting spent in this place.
 E = Time spent auto-exploring this place.
 F = Levels seen in this place.
 G = Mean time per level.
                   A        B        C        D        E       F      G
               +--------+--------+--------+--------+--------+-----+--------+
         Total |  14726 |  14082 |    644 |   1305 |   8558 |  15 |  981.7 |
       Dungeon |  11445 |  10801 |    644 |    916 |   6621 |  11 | 1040.5 |
          Lair |   2783 |   2783 |      0 |    389 |   1791 |   3 |  927.7 |
         Sewer |    496 |    496 |      0 |      0 |    145 |   1 |  496.0 |
               +--------+--------+--------+--------+--------+-----+--------+

Top non-repeatable levels by time:
     D:9: 2145 daAuts
     D:3: 1269 daAuts
  Lair:2: 1260 daAuts
     D:6: 1186 daAuts
     D:1: 1179 daAuts
    D:10: 1152 daAuts
     D:8: 1103 daAuts
     D:5: 1016 daAuts
  Lair:1: 1015 daAuts
     D:2: 766 daAuts
     D:4: 751 daAuts
     D:7: 590 daAuts
  Lair:3: 507 daAuts
   Sewer: 496 daAuts
    D:11: 282 daAuts
